 Dungeon Crawl Stone Soup version 0.25.1-2-g60ff931df9 (webtiles) character file.

Game seed: 5328725454145682270

160 Fortress the Grave Robber (level 5, -5/35 HPs)
             Began as a Vampire Necromancer on Nov 6, 2020.
             Killed from afar by an orc wizard (7 damage)
             ... with a magic dart
             ... on level 4 of the Dungeon.
             The game lasted 00:11:01 (2557 turns).

Fortress the Grave Robber (Vampire Necromancer)     Turns: 2557, Time: 00:11:02

Health: -5/35      AC:  2    Str:  7    XL:     5   Next: 17%
Magic:  0/10       EV: 13    Int: 19    God:
Gold:   196        SH:  0    Dex: 14    Spells: 9/10 levels left

rFire    . . .     SeeInvis +   c - +0 dagger
rCold    . . .     Gourm    .   (no shield)
rNeg     . . .     Faith    .   a - +0 robe
rPois    .         Spirit   .   (no helmet)
rElec    .         Reflect  .   (no cloak)
rCorr    .         Harm     .   (no gloves)
MR       .....                  (no boots)
Stlth    +++.......             (no amulet)
HPRegen  0.31/turn              k - ring of wizardry
MPRegen  0.12/turn              (no ring)

@: very slightly contaminated, regenerating quickly
A: no food, fangs 3, see invisible, unbreathing
a: Exsanguinate


You were on level 4 of the Dungeon.
You were alive.

You visited 1 branch of the dungeon, and saw 4 of its levels.

You collected 196 gold pieces.

Inventory:

Hand Weapons
 c - a +0 dagger (weapon)
Armour
 a - a +0 robe (worn)
Jewellery
 k - a ring of wizardry (left hand)
Scrolls
 b - a scroll of immolation
 e - 3 scrolls of magic mapping
 f - 5 scrolls of identify
 g - a scroll of remove curse
 h - a scroll of teleportation {unknown}
Potions
 d - a potion of flight
 i - a potion of might {unknown}
 j - a potion of cancellation {unknown}


   Skills:
 + Level 2.7 Dodging
 + Level 4.5 Stealth
 - Level 0.5 Unarmed Combat
 + Level 3.3 Spellcasting
 + Level 5.4 Necromancy


You had 9 spell levels left.
You knew the following spells:

 Your Spells              Type           Power        Failure   Level  Hunger
a - Pain                  Necr           ###.         1%          1    N/A

Your spell library contained the following spells:

 Spells                   Type           Power        Failure   Level  Hunger
 Animate Skeleton         Necr           N/A          1%          1    N/A
 Vampiric Draining        Necr           ###.......   1%          3    N/A
 Animate Dead             Necr           N/A          6%          4    N/A
 Agony                    Necr           ###.....     17%         5    N/A

Dungeon Overview and Level Annotations

Branches:
Dungeon (4/15)
 Temple: D:4-7

Altars:
Okawaru


Innate Abilities, Weirdness & Mutations

You do not eat.
Your natural rate of healing is unusually fast.
You have razor-sharp teeth.
You have supernaturally acute eyesight. (SInv)
You can survive without breathing.


Message History

The orc wizard hits you with a +0 dagger.
* * * LOW HITPOINT WARNING * * *
You closely miss the orc wizard.
The orc wizard is almost dead.
The orc wizard hits you with a +0 dagger.
* * * LOW HITPOINT WARNING * * *
You closely miss the orc wizard.
You bite the orc wizard, but do no damage.
The orc wizard is almost dead.
The orc wizard casts a spell at you. The magic dart hits you!
* * * LOW HITPOINT WARNING * * *
Casting: Pain (safe; 1% risk of failure)
Confirm with . or Enter, or press ? or * to list all spells.
You don't have enough magic to cast that spell.
You hit the orc wizard but do no damage.
The orc wizard is almost dead.
The orc wizard points at you and mumbles some strange words.
The magic dart hits you!
You die...

........#.............
........#....##...##.. +
........#....##...# ..#
........#.....#...# ..#
#####...##....#...##...##
#######....#..........
...........#....o.....
..........###o###o....
..........##.@.# ...
...............# .
...............#
#....##.†......#
##+####........#
#....####+# #....# ##...#
#####


You could see an orc wizard.

Vanquished Creatures
  A hound (D:4)
  An orc wizard (D:4)
  A worker ant (D:4)
  An adder (D:4)
  An ooze (D:1)
  An adder skeleton (D:3)
  A dart slug (D:2)
  A leopard gecko (D:1)
  2 orcs (D:4)
  9 bats
  4 giant cockroaches
  8 goblins
  8 hobgoblins
  6 jackals (D:1)
  A quokka (D:2)
  A ball python (D:1)
  7 frilled lizards
  4 kobolds (D:1)
  14 rats
72 creatures vanquished.

Notes
Turn   | Place    | Note
-------+----------+-------------------------------------------
     0 | D:1      | Fortress the Vampire Necromancer began the quest for the
                  | Orb.
     0 | D:1      | Reached XP level 1. HP: 13/13 MP: 3/3
   120 | D:1      | Reached XP level 2. HP: 5/19 MP: 0/5
   641 | D:1      | Reached XP level 3. HP: 19/24 MP: 4/6
  1185 | D:2      | Reached skill level 5 in Necromancy
  1630 | D:3      | Found an iron altar of Okawaru.
  1802 | D:3      | Reached XP level 4. HP: 30/30 MP: 4/7
  2481 | D:4      | Reached XP level 5. HP: 33/35 MP: 4/9
  2556 | D:4      | HP: 1/35 [orc wizard/magic dart (7)]
  2557 | D:4      | Killed from afar by an orc wizard

Illustrated notes

Levels and vault maps discovered:
D:1:      dpeg_arrival_more_subterranean_lakeside_camping, layout_basic
D:2:      layout_basic, first_ration, minmay_rat_gold_closets
D:3:      layout_basic, overflow_temple_1_default
D:4:      layout_gridville

Skill      XL: |  1  2  3  4 |
---------------+-------------+-----
Necromancy     | 5 |  5.4
Stealth        | 4 |  4.5
Spellcasting   | 3 |  3.3
Dodging        | |  2.7
Unarmed Combat | |  0.5

Action                   |  1- 3 |  4- 6 || total
-------------------------+-------+-------++-------
Melee: Unarmed           |    51 |       ||    51
       Bite              |    13 |     1 ||    14
       Dagger            |    95 |    24 ||   119
 Cast: Pain              |    41 |    31 ||    72
  Use: Scroll            |     4 |       ||     4
 Stab: Sleeping          |    18 |     2 ||    20
Armor: Robe              |    31 |     3 ||    34
Dodge: Dodged            |   139 |    21 ||   160
